 Dungeon Crawl Stone Soup version 0.31-a0-851-g7ff8af7976 (webtiles) character file.

Game seed: 3439896083052995328

105 Shayle the Conjurer (level 4, -3/34 HPs)
             Began as a Demonspawn Reaver on Oct 6, 2023.
             Killed by nerve-wracking pain
             ... invoked by an orc priest
              (10 damage)
             ... on level 3 of the Dungeon.
             The game lasted 00:03:06 (2612 turns).

Shayle the Conjurer (Demonspawn Reaver)             Turns: 2612, Time: 00:03:06

Health: -3/34      AC:  6    Str: 11 (12) XL:     4   Next: 53%
Magic:  8/8        EV: 10    Int: 13 (16) God:
Gold:   160        SH:  0    Dex: 11 (12) Spells: 7/8 levels left

rFire   . . .        a - +0 spear
rCold   . . .        (no shield)
rNeg    . . .        h - +0 ring mail
rPois   .            m - +0 helmet
rElec   .            (no cloak)
rCorr   .            (no gloves)
SInv    .            (no boots)
Will    +....        (no amulet)
Stlth   +            (no ring)
HPRegen 0.25/turn    (no ring)
MPRegen 0.11/turn

%: no passive effects
@: enlightened, flying
A: foul stench 1, weakness stinger 1
a: no special abilities


You were on level 3 of the Dungeon.
You visited 1 branch of the dungeon, and saw 3 of its levels.

You collected 160 gold pieces.

Inventory:

Hand Weapons
 a - a +0 spear (weapon)
Armour
 b - a +0 leather armour
 h - a +0 ring mail (worn)
 m - a +0 helmet (worn)
Jewellery
 l - a ring of ice
 n - an amulet of reflection
Scrolls
 d - 2 scrolls of identify
 e - a scroll of silence {unknown}
 g - a scroll of enchant weapon {unknown}
 i - a scroll of teleportation
Potions
 j - a potion of might {unknown}


   Skills:
 + Level 2.9 Fighting
 - Level 2.6 Polearms
 + Level 1.6 Armour
 - Level 1.7 Dodging
 + Level 2.8 Spellcasting
 - Level 3.0 Conjurations
 + Level 2.1 Necromancy


You had 7 spell levels left.
You knew the following spells:

 Your Spells              Type           Power      Damage    Failure   Level
a - Kiss of Death         Conj/Necr      32%        2d7       19%         1

Your spell library contained the following spells:

 Spells                   Type           Power      Damage    Failure   Level
 Momentum Strike          Conj/Tloc      10%        3d8       41%         2
 Hailstorm                Conj/Ice       5%         3d4       65%         3


Dungeon Overview and Level Annotations

Branches:
Dungeon (3/15)

Altars:

Shops:
D:3 =


Innate Abilities, Weirdness & Mutations

You may rarely emit foul miasma when damaged in melee.
You have a small tail.


Message History

The orc shouts! x2; The orc priest shouts!
There are monsters nearby!
You reach to attack!
You hit the orc.
The orc is lightly wounded.
There are monsters nearby!
As you read the scroll labelled ZIGYTYNAFA, it crumbles to dust.
It is a scroll of identify.
i - 2 scrolls of teleportation The orc hits you with a +0 falchion.
The orc closely misses you.
As you read the scroll of teleportation, it crumbles to dust.
You feel strangely unstable. The orc hits you with a +0 falchion.
The orc hits you but does no damage.
Reach: a) +0 spear
Press: ? - help, Dir - move target, f - orc priest, p - orc
Aim: an orc priest, wielding a +0 whip (about 38% to evade your +0 spear)
The orc is in the way.
You hit the orc.
The orc is moderately wounded.
The orc priest invokes the aid of Beogh against you.
Beogh smites you! The orc misses you.
It was a potion of curing.
You feel better. The orc closely misses you. The orc barely misses you.
You barely miss the orc priest. The orc priest misses you.
The orc hits you with a +0 short sword. The orc hits you but does no damage.
The orc hits you with a +0 falchion. The orc completely misses you.
You hit the orc priest.
The orc priest is lightly wounded.
Your surroundings suddenly seem different.
The orc priest invokes the aid of Beogh against you.
Beogh smites you!
Ouch! That really hurt!
* * * LOW HITPOINT WARNING * * *
It was a potion of enlightenment.
You feel very buoyant.
You fly up into the air.
It was a potion of degeneration.
There was something very wrong with that liquid.
You feel weakened.
You feel dopey.
You feel clumsy.
The orc priest mumbles some strange prayers to Beogh against you.
Pain shoots through your body!
You die...

##.........o.#
.......o.....#
###...........#
........o....#
#...o.......#
#...........#
#...........#
####...........#
#.....@....[####
#.##.########
#........
#)######## #.#
##.#......# #.#
#..#.####.# #.#
#.......#.#
#.###..#....#.#
#.##...######.#


You could see an orc priest and 2 orcs.

Vanquished Creatures
  4 adders
  5 dart slugs
  2 worms (D:2)
  6 ball pythons
  5 endoplasms
  7 giant cockroaches
  4 goblins
  4 hobgoblins (D:1)
  6 bats
  5 frilled lizards (D:1)
  2 kobolds (D:1)
  4 rats
54 creatures vanquished.

Notes
Turn   | Place    | Note
-------+----------+-------------------------------------------
     0 | D:1      | Shayle the Demonspawn Reaver began the quest for the Orb.
     0 | D:1      | Reached XP level 1. HP: 16/16 MP: 3/3
    96 | D:1      | Gained mutation: You may rarely emit foul miasma when
                  | damaged in melee. [demonic ancestry]
    96 | D:1      | Reached XP level 2. HP: 16/22 MP: 5/5
   264 | D:1      | Reached skill level 1 in Necromancy
   725 | D:1      | Reached skill level 1 in Armour
   741 | D:1      | Reached XP level 3. HP: 28/28 MP: 6/6
  1548 | D:2      | Gained mutation: You have a small tail. [demonic ancestry]
  1548 | D:2      | Reached XP level 4. HP: 34/34 MP: 7/7
  2432 | D:3      | Found Kuuxoc's Jewellery Shoppe.
  2612 | D:3      | Killed from afar by an orc priest

Illustrated notes

Levels and vault maps discovered:
D:1:      onia_arrival_handbag, layout_basic
D:2:      layout_basic
D:3:      layout_basic, serial_shops, nicolae_shop_waterfront, minmay_rat_hole

Skill      XL: |  1  2  3  4 |
---------------+-------------+-----
Necromancy     | 1 2 |  2.1
Armour         | 1 |  1.6
Fighting       | |  2.9
Polearms       | |  2.6
Dodging        | |  1.7
Spellcasting   | |  2.8
Conjurations   | |  3.0

Action                     |  1- 3 |  4- 6 || total
---------------------------+-------+-------++-------
  Melee: Spear             |   188 |    51 ||   239
         Punch             |     1 |     1 ||     2
         Tailslap          |       |     9 ||     9
    Use: Potion            |       |     3 ||     3
         Scroll            |       |     2 ||     2
   Stab: Sleeping          |     1 |       ||     1
 Armour: Leather armour    |    25 |       ||    25
         Ring mail         |    46 |    27 ||    73
  Dodge: Dodged            |    66 |    25 ||    91

Table legend: (Time is in decaauts)
 A = Elapsed time spent in this place.
 B = Non-inter-level travel time spent in this place.
 C = Inter-level travel time spent in this place.
 D = Time resting spent in this place.
 E = Time spent auto-exploring this place.
 F = Levels seen in this place.
 G = Mean time per level.
                   A        B        C        D        E       F      G
               +--------+--------+--------+--------+--------+-----+--------+
         Total |   2603 |   2524 |     79 |      0 |   2094 |   3 |  867.7 |
       Dungeon |   2603 |   2524 |     79 |      0 |   2094 |   3 |  867.7 |
               +--------+--------+--------+--------+--------+-----+--------+

Top non-repeatable levels by time:
     D:2: 1241 daAuts
     D:1: 1171 daAuts
     D:3: 190 daAuts
